[Event "Early-Titled-Tuesday-Blitz-May-07-2024"]
[Site "Chess.com"]
[Date "2024.05.07"]
[Round "6"]
[White "Jojo_898"]
[Black "sonicdravise"]
[Result "0-1"]
[WhiteElo "2433"]
[BlackElo "2628"]
[TimeControl "180+1"]
[EndTime "9:11:38 PDT"]
[Termination "sonicdravise won on time"]

1. e4 g6 2. d4 Bg7 3. Nf3 d6 4. Nc3 a6 5. Bg5 b5 6. a3 Bb7 7. Qd2 Nd7 8. Be2 Ngf6 9. e5 Nd5 10. Nxd5 Bxd5 11. exd6 cxd6 12. Bh6 Bf6 13. O-O Qc7 14. Rac1 Nb6 15. b3 Rc8 16. Rfe1 Qc3 17. Qf4 Be6 18.
Qg3 Qb2 19. a4 bxa4 20. Bxa6 Rxc2 21. Bb5+ Kd8 22. bxa4 Rxc1 23. Rxc1 g5 24. Rf1 Rg8 25. Bd3 g4 26. Nd2 Bxd4 27. Be3 Bxe3 28. Qxe3 Nd5 29. Qh6 Qd4 30. Be2 Rg6 31. Qxh7 Qxd2 32. Qh8+ Kd7 33. Bb5+ Kc7 34. Qa8 Qd4 35. Rc1+ Nc3 36.
Qc6+ Kb8 0-1

[Event "Early-Titled-Tuesday-Blitz-May-07-2024"]
[Site "Chess.com"]
[Date "2024.05.07"]
[Round "6"]
[White "klimkoj"]
[Black "Njal28"]
[Result "1-0"]
[WhiteElo "2935"]
[BlackElo "3111"]
[TimeControl "180+1"]
[EndTime "9:11:40 PDT"]
[Termination "klimkoj won by resignation"]

1. e4 c6 2. Nf3 d5 3. Nc3 Bg4 4. h3 Bxf3 5. Qxf3 e6 6. Be2 Nf6 7. O-O Be7 8. d3 O-O 9. g4 d4 10. Nb1 c5 11. Qg2 e5 12. g5 Nfd7 13. h4 Nc6 14. a4 c4 15. dxc4 Nc5 16. Bd2 d3 17.
cxd3 Nd4 18. f3 Ndb3 19. Ra2 Nxd3 20. Be3 Bc5 21. Bxc5 Nf4 22. Qh2 Nxc5 23. Nc3 Qd2 24. Rd1 Qe3+ 25. Kf1 Rad8 26. Qf2 Rxd1+ 27. Bxd1 Qd3+ 28.
Be2 Nxe2 29. Qxe2 Qd7 30. Kg2 Nd3 31. Nd5 Nf4+ 32. Nxf4 exf4 33. b4 h6 34. Qd2 Qe7 35. Qxf4 hxg5 36. hxg5 Qxb4 37. e5 Rc8 38. Rc2 Qxa4 39.
Qe4 b5 40. e6 Rxc4 41. Rxc4 Qxc4 42. e7 Qa2+ 43. Kg3 g6 44. e8=Q+ Kg7 45. Q4e5+ 1-0

[Event "Early-Titled-Tuesday-Blitz-May-07-2024"]
[Site "Chess.com"]
[Date "2024.05.07"]
[Round "6"]
[White "SpongeBob_03"]
[Black "Caterpiller35"]
[Result "0-1"]
[WhiteElo "2245"]
[BlackElo "2494"]
[TimeControl "180+1"]
[EndTime "9:11:40 PDT"]
[Termination "Caterpiller35 won by checkmate"]

1. e4 c5 2. Nf3 Nc6 3. d4 cxd4 4. Nxd4 e6 5. c4 Nf6 6. Nc3 Qc7 7. a3 a6 8. g4 d6 9. g5 Nd7 10. Be3 Be7 11.
Qd2 Na5 12. Rc1 g6 13. b4 Nc6 14. Nd5 Qd8 15. Nf4 Nde5 16. Be2 Bxg5 17. Nxc6 bxc6 18.
h4 Bh6 19. Qb2 Bxf4 20. Bxf4 f6 21. Rd1 O-O 22. c5 d5 23. Bxe5 fxe5 24. Qxe5 Qf6 25. Qxf6 Rxf6 26. O-O Rf4 27. exd5 exd5 28. h5 g5 29. Kg2 Bg4 30. Bxg4 Rxg4+ 31. Kh3 Rh4+ 32. Kg3 Re8 33. Rh1 Ree4 34. Rxh4 Rxh4 35. Re1 Kf7 36. Re5 Rxh5 37. Kg4 Rh2 38. Kxg5 Rxf2 39. Kh6 Kf6 40. Re8 Rh2# 0-1

[Event "Early-Titled-Tuesday-Blitz-May-07-2024"]
[Site "Chess.com"]
[Date "2024.05.07"]
[Round "6"]
[White "MikeSailer"]
[Black "RebecaJimnz"]
[Result "0-1"]
[WhiteElo "2123"]
[BlackElo "2300"]
[TimeControl "180+1"]
[EndTime "9:11:40 PDT"]
[Termination "RebecaJimnz won on time"]

1. g3 g6 2. Bg2 Bg7 3. Nf3 Nf6 4. c4 c5 5. Nc3 O-O 6. d3 Nc6 7. O-O d6 8. a3 e5 9. Rb1 a5 10. Ne1 Be6 11. Nc2 Qd7 12. b4 axb4 13. axb4 Bh3 14.
bxc5 Bxg2 15. Kxg2 dxc5 16. Bg5 Nd4 17. Bxf6 Bxf6 18.
Nxd4 exd4 19. Nd5 Bg7 20. Qb3 Rab8 21. Rb2 b5 22. cxb5 Rfd8 23. Nf4 Be5 24. Nh3 Rb6 25.
Rfb1 Rdb8 26. Qc4 Qe7 27. Qd5 Bf6 28. Ng1 Kg7 29. Nf3 h5 30. h4 Rd8 31. Qc4 Rdb8 32.
Kf1 Rc8 33. Nd2 Qd7 34. Kg2 Qg4 35. Ne4 Bxh4 36. Nxc5 Be7 37. Ne6+ Qxe6 38. Qxd4+ Bf6 39. Qxb6 Qxb6 0-1

[Event "Early-Titled-Tuesday-Blitz-May-07-2024"]
[Site "Chess.com"]
[Date "2024.05.07"]
[Round "6"]
[White "FontVella8"]
[Black "ubdip"]
[Result "1-0"]
[WhiteElo "2686"]
[BlackElo "2512"]
[TimeControl "180+1"]
[EndTime "9:11:41 PDT"]
[Termination "FontVella8 won on time"]

1. e4 c5 2. Nf3 Nc6 3. d4 cxd4 4. Nxd4 Qb6 5. Nb3 Nf6 6. Nc3 e6 7. Be3 Qc7 8. a3 a6 9. f4 d6 10. Qf3 Be7 11. g4 Nd7 12. O-O-O Nc5 13. Kb1 Nxb3 14. cxb3 b5 15. b4 Bb7 16. g5 h6 17.
h4 hxg5 18. hxg5 O-O-O 19. Rxh8 Rxh8 20. Rc1 Kb8 21. Nd5 Qd8 22. Bb6 Qd7 23. Nxe7 Qxe7 24. Qd3 Rh4 25. f5 Ne5 26. Qc3 Bxe4+ 27. Ka1 Nc6 28.
Qg3 Rh1 29. f6 gxf6 30. gxf6 Qd7 31. Re1 Bd5 32. Bg1 Kb7 33. Qe3 Qc7 34. Bd3 Kc8 35. Rc1 Kd7 36. Qg3 Qd8 37. Qg7 Qe8 38. Bg6 e5 39.
Bf5+ Kc7 40. Qg4 Qh8 41. Be4 Bxe4 42. Qxe4 Qe8 43. Qxh1 Qe6 44. Qxc6+ 1-0

[Event "Early-Titled-Tuesday-Blitz-May-07-2024"]
[Site "Chess.com"]
[Date "2024.05.07"]
[Round "6"]
[White "RobRam"]
[Black "talaicito"]
[Result "0-1"]
[WhiteElo "2525"]
[BlackElo "2390"]
[TimeControl "180+1"]
[EndTime "9:11:42 PDT"]
[Termination "talaicito won by resignation"]

1. d4 e6 2. e3 f5 3. Bd3 Nf6 4. Nd2 b6 5. f4 Bb7 6. Ngf3 Be7 7. O-O O-O 8. c4 a5 9. Qe2 Na6 10. e4 fxe4 11. Nxe4 Nb4 12. Nxf6+ Bxf6 13. Be4 d5 14. Bb1 dxc4 15. Qxe6+ Kh8 16. a3 Bxd4+ 17. Kh1 Nd3 18. Qxc4 Nf2+ 19. Rxf2 Bxf2 20. Qc2 Be4 21. Qxe4 Qd1+ 22.
Ne1 Qxe1+ 23. Qxe1 Bxe1 24. Ba2 Rae8 25. g3 Re2 26.
Bc4 Re7 27. Kg2 Rd8 28. Bb3 b5 29. a4 b4 30. f5 Bd2 31. Be6 g6 32. g4 Kg7 33. b3 Kf6 34. Bb2+ Bc3 35. Bxc3+ bxc3 36. Rc1 Rd3 37. h4 gxf5 38. gxf5 c5 39. Kf2 Rh3 40. Kg2 Rd3 41. Kf2 Rg7 42. Ke2 Rh3 43. Rd1 Rg2+ 44.
Kf1 Rh1+ 45. Kxg2 Rxd1 0-1

[Event "Early-Titled-Tuesday-Blitz-May-07-2024"]
[Site "Chess.com"]
[Date "2024.05.07"]
[Round "6"]
[White "sofaceindisguise"]
[Black "MFatigue"]
[Result "0-1"]
[WhiteElo "2733"]
[BlackElo "2516"]
[TimeControl "180+1"]
[EndTime "9:11:43 PDT"]
[Termination "MFatigue won by resignation"]

1. e4 e6 2. d3 d5 3. Nd2 c5 4.
Ngf3 Nc6 5. g3 Nge7 6. Bg2 g6 7. O-O Bg7 8. Re1 O-O 9. e5 Qc7 10. c3 Nxe5 11. Nxe5 Bxe5 12. h4 h6 13. Rxe5 Qxe5 14. Nb3 Qd6 15. Bxh6 Re8 16. d4 cxd4 17. cxd4 e5 18.
dxe5 Qxe5 19. Qd2 Nf5 20. Bf4 Qf6 21. Bg5 Qb6 22. g4 Ng7 23. Bf3 Be6 24. Nd4 f5 25. Be3 Rad8 26. Nxf5 Qa6 27. Nxg7 Kxg7 28. Bd4+ Kh7 29.
Qg5 Qd3 30. Rd1 Qxf3 31. Rc1 Qxg4+ 32. Kh2 Qxg5 33. hxg5 b6 34. Rc6 Bf5 35. f3 Rd7 36.
Kg3 Re2 37. Rc1 Kg8 38. Rc8+ Kf7 39. Rh8 Ke6 40. Re8+ Re7 41. Rf8 Kd7 42. Ra8 Kc6 43.
a4 Kb7 44. Rf8 Rd2 45. Bc3 Rd3 46. Bf6 Ree3 47. Kf4 Rxf3+ 48. Ke5 Rfe3+ 49. Kd6 Re6+ 50. Kd7 Rxf6+ 0-1

[Event "Early-Titled-Tuesday-Blitz-May-07-2024"]
[Site "Chess.com"]
[Date "2024.05.07"]
[Round "6"]
[White "Chessbard1972"]
[Black "Alina_Gumerovna"]
[Result "0-1"]
[WhiteElo "2330"]
[BlackElo "2186"]
[TimeControl "180+1"]
[EndTime "9:11:43 PDT"]
[Termination "Alina_Gumerovna won on time"]

1. d4 Nf6 2. c4 g6 3. Nf3 Bg7 4. g3 O-O 5. Bg2 d6 6. Nc3 c6 7. O-O Qa5 8. e4 Bg4 9. h3 Bxf3 10. Bxf3 Nfd7 11. Be3 e5 12. Bg2 Qb4 13. Qd2 Qxc4 14. b3 Qe6 15. d5 cxd5 16. Nxd5 Na6 17. Rac1 Rfc8 18. Rxc8+ Rxc8 19. Bxa7 Nac5 20. b4 Na4 21. Be3 b5 22. Rd1 Bf8 23. Kh2 h5 24. h4 Qe8 25.
Bh3 Kg7 26. Bg5 Rc4 27. f3 Ndb6 28. Nf6 Qa8 29. Bh6+ Kh8 30. Bg5 Nc3 31. Rc1 Qxa2 32. Rc2 Qb3 33. Bh6 Nb1 34. Qg5 Rxc2+ 35. Bg2 Rxg2+ 36. Kxg2 Qc2+ 37. Kh3 Qc8+ 0-1

[Event "Early-Titled-Tuesday-Blitz-May-07-2024"]
[Site "Chess.com"]
[Date "2024.05.07"]
[Round "6"]
[White "Golubovsky"]
[Black "sterpfi"]
[Result "1-0"]
[WhiteElo "2515"]
[BlackElo "2317"]
[TimeControl "180+1"]
[EndTime "9:11:44 PDT"]
[Termination "Golubovsky won on time"]

1. c4 e6 2. Nc3 d5 3. e3 Nf6 4. Nf3 c5 5. cxd5 exd5 6. d4 Nc6 7. Bb5 Be7 8. O-O O-O 9. dxc5 Bxc5 10. b3 Bg4 11. Bb2 d4 12. Na4 Bb6 13. Bxc6 bxc6 14. Nxb6 axb6 15. Qxd4 Bxf3 16. gxf3 Qc8 17. Qxb6 Nd5 18.
Qd4 f6 19. Qg4 Qa6 20. Bd4 Qe2 21. Rfe1 Qc2 22. Qe6+ Kh8 23. Qd6 Rfd8 24. Qc5 Rxa2 25. Rxa2 Qxa2 26. Qxc6 Qxb3 27. Rc1 Ne7 28. Qc7 Re8 29. Qd7 Qf7 30. Rc7 Qg6+ 31. Qg4 Qxg4+ 32. fxg4 Nd5 33. Rd7 Ne7 34. h4 Ng6 35. g5 Ne5 36. Bxe5 fxe5 37. Kg2 Kg8 38. Kf3 h6 39. g6 Kf8 40.
Rf7+ Kg8 41. h5 1-0

[Event "Early-Titled-Tuesday-Blitz-May-07-2024"]
[Site "Chess.com"]
[Date "2024.05.07"]
[Round "6"]
[White "VirtualCoach"]
[Black "Louis-Paulsen-Fan"]
[Result "0-1"]
[WhiteElo "2144"]
[BlackElo "2359"]
[TimeControl "180+1"]
[EndTime "9:11:44 PDT"]
[Termination "Louis-Paulsen-Fan won by resignation"]

1. Nf3 d5 2. b3 c5 3. Bb2 Nf6 4. g3 Nc6 5. Bg2 Bf5 6. O-O h6 7. d4 e6 8. c4 Be7 9. a3 dxc4 10. bxc4 O-O 11. e3 Qb6 12. Qc1 Rfd8 13. Nbd2 Ne4 14. Nxe4 Bxe4 15. Rd1 Rac8 16. Qc3 Bf6 17. Ne5 Bxg2 18.
Kxg2 cxd4 19. exd4 Nxe5 20. dxe5 Be7 21. Rab1 Qc6+ 22.
Kg1 Qxc4 23. Qxc4 Rxc4 24. Rxd8+ Bxd8 25. Bc1 Bb6 26. Be3 Bxe3 27. fxe3 b6 28. Rd1 Ra4 29. Rd8+ Kh7 30. Rd3 Kg6 31. Kf2 Kf5 32. Rd7 Rxa3 33. Rxf7+ Kxe5 34. Rxg7 b5 35. h4 b4 36. Ke2 b3 37.
Kd2 a5 38. Kc3 a4 39. Rb7 Ra2 40. Rb5+ Ke4 41. Rb6 Rc2+ 42. Kb4 Ra2 43. Rxe6+ Kd5 44. Rb6 b2 45. Kc3 a3 46. Rb5+ Ke4 47. Rb4+ Kxe3 48.
g4 Ra1 49. Kc2 Rc1+ 0-1

[Event "Early-Titled-Tuesday-Blitz-May-07-2024"]
[Site "Chess.com"]
[Date "2024.05.07"]
[Round "6"]
[White "GMT4114"]
[Black "TomLiu777"]
[Result "1/2-1/2"]
[WhiteElo "1976"]
[BlackElo "2309"]
[TimeControl "180+1"]
[EndTime "9:11:44 PDT"]
[Termination "Game drawn by repetition"]

1. e4 e6 2. d4 d5 3. Nc3 Bb4 4.
Ne2 dxe4 5. a3 Bxc3+ 6. Nxc3 Nc6 7. Bb5 Ne7 8. Bg5 f6 9. Be3 O-O 10. Qd2 f5 11. O-O-O a6 12. Bxc6 Nxc6 13. Bg5 Qe8 14. f3 exf3 15. gxf3 b5 16. Rhg1 Kh8 17. Qf4 b4 18.
axb4 Nxb4 19. Qxc7 Bd7 20. Qd6 a5 21. Bf4 Rc8 22.
Qe5 Rf6 23. Bh6 Rg6 24. Bxg7+ Kg8 25. Bh6 Nc6 26. Qf6 Qf7 27. Rxg6+ hxg6 28. Qh4 Nb4 29.
Rg1 Nd5 30. Nxd5 exd5 31. Bg5 Ba4 32. c3 Rc6 33. Bf4 Re6 34. Be5 Rxe5 35. dxe5 Bd7 36.
Qg5 Be8 37. Qd8 Qe6 38. Qf6 Qc8 39. Rxg6+ Bxg6 40. Qxg6+ Kh8 41. e6 Qc5 42. Qf6+ Kh7 43. Qf7+ Kh8 44. Qf6+ Kh7 45. Qxf5+ Kh8 46. Qe5+ Kg8 47.
Qf6 Qe3+ 48. Kc2 Qe2+ 49. Kb3 Qc4+ 50. Kc2 Qe2+ 51. Kb1 Qd1+ 52. Ka2 Qa4+ 53. Kb1 Qd1+ 54. Ka2 Qa4+ 55. Kb1 Qd1+ 1/2-1/2

[Event "Early-Titled-Tuesday-Blitz-May-07-2024"]
[Site "Chess.com"]
[Date "2024.05.07"]
[Round "6"]
[White "Alexandr_Kholin"]
[Black "viktorskliarov"]
[Result "0-1"]
[WhiteElo "2490"]
[BlackElo "2646"]
[TimeControl "180+1"]
[EndTime "9:11:45 PDT"]
[Termination "viktorskliarov won by resignation"]

1. d4 Nf6 2. Nf3 g6 3. Nbd2 Bg7 4. e4 d6 5. Bd3 O-O 6. O-O Nbd7 7. Re1 e5 8. c3 c6 9. Nf1 Qc7 10. Ng3 b5 11. h3 a6 12. Be3 c5 13. Qd2 c4 14.
Bc2 Bb7 15. Bh6 Ne8 16. Rad1 f6 17. Nh2 Nb6 18. Ng4 Rd8 19. d5 Bc8 20. Bxg7 Nxg7 21.
Nh6+ Kh8 22. f4 exf4 23. Qxf4 Nd7 24. Rf1 Ne5 25. a4 b4 26. Kh2 b3 27. Bb1 Bd7 28.
Ne2 Bxa4 29. Nd4 Qe7 30. Qh4 Bd7 31. Rf2 Nf7 32. Ng4 Bxg4 33. Qxg4 Ne5 34. Qh4 Rf7 35.
Rdf1 Rdf8 36. Qg3 Kg8 37. Qe3 a5 38. Kh1 a4 39. Nb5 Qd7 40. Na3 Ne8 41. Qd4 Qa7 42. Rd2 Rc7 43. Qxa7 Rxa7 44. Rd4 Rc7 45. Kh2 Rc5 46. Rfd1 Nc7 47. Re1 Nb5 48. Nxb5 Rxb5 49. Rf1 Kg7 50. Rdd1 Ra5 0-1

[Event "Early-Titled-Tuesday-Blitz-May-07-2024"]
[Site "Chess.com"]
[Date "2024.05.07"]
[Round "6"]
[White "Nitzan_Steinberg"]
[Black "Rodalquilar"]
[Result "1-0"]
[WhiteElo "2932"]
[BlackElo "2738"]
[TimeControl "180+1"]
[EndTime "9:11:46 PDT"]
[Termination "Nitzan_Steinberg won on time"]

1. e4 d5 2. exd5 Qxd5 3. Nc3 Qa5 4. Nf3 Nf6 5. Bc4 Nc6 6. h3 Ne5 7. Bb3 Nxf3+ 8. Qxf3 Qf5 9. Qe2 Qg6 10. Qf3 Qf5 11. Qe2 Qg6 12. g4 h5 13. Nb5 Kd8 14. Qe5 Qe4+ 15.
Qxe4 Nxe4 16. d3 Nd6 17. Nxd6 exd6 18. g5 Be6 19. h4 g6 20. Bd2 Bg7 21. Bc3 Bxc3+ 22.
bxc3 Kd7 23. Kd2 a5 24. a4 Rhf8 25. Rae1 Bxb3 26. cxb3 f6 27. f4 fxg5 28. fxg5 Rf2+ 29. Re2 Raf8 30. Re1 Rxe2+ 31. Rxe2 Rf4 32. Re4 Rxe4 33. dxe4 Ke6 34. Ke3 Ke5 35. b4 axb4 36. cxb4 c5 37. b5 d5 38. a5 d4+ 39. Kd3 Kd6 40. a6 bxa6 41. bxa6 Kc6 42. e5 1-0

[Event "Early-Titled-Tuesday-Blitz-May-07-2024"]
[Site "Chess.com"]
[Date "2024.05.07"]
[Round "6"]
[White "Pertinhez76"]
[Black "atomicmate123"]
[Result "1-0"]
[WhiteElo "2158"]
[BlackElo "2277"]
[TimeControl "180+1"]
[EndTime "9:11:46 PDT"]
[Termination "Pertinhez76 won on time"]

1. c4 e6 2. g3 d5 3. Bg2 Nf6 4. Nf3 c5 5. O-O d4 6. d3 Nc6 7. a3 a5 8. e3 e5 9. Re1 Be7 10. exd4 exd4 11. Ne5 Nxe5 12. Rxe5 O-O 13. Nd2 Bd6 14.
Re1 Bf5 15. Ne4 Nxe4 16. Bxe4 Bxe4 17. Rxe4 Re8 18. Qe2 Rxe4 19. Qxe4 Qd7 20. Bd2 Re8 21. Qd5 Qc7 22. Re1 Rxe1+ 23. Bxe1 h6 24. Kg2 Qb6 25.
h4 Be7 26. Qd7 Bf6 27. Qe8+ Kh7 28. Qxf7 Qxb2 29. h5 Qe2 30. Bxa5 Qxd3 31. Qd5 Qc2 32. Bb6 Bg5 33. Bxc5 Be3 34. Qf3 Qxc4 35. Qf5+ Kg8 36.
fxe3 Qe2+ 37. Qf2 Qc4 38. exd4 Qd5+ 39. Qf3 Qa2+ 40. Kh3 Qe6+ 41. g4 Qe1 42. Qxb7 Qe3+ 43. Kg2 Qe2+ 44. Kg3 Qe3+ 45. Qf3 Qg1+ 46. Kf4 Qc1+ 47.
Ke5 Qc2 48. Qd5+ 1-0

[Event "Early-Titled-Tuesday-Blitz-May-07-2024"]
[Site "Chess.com"]
[Date "2024.05.07"]
[Round "6"]
[White "Seochesspie"]
[Black "GM_dmitrij"]
[Result "1/2-1/2"]
[WhiteElo "2859"]
[BlackElo "3043"]
[TimeControl "180+1"]
[EndTime "9:11:47 PDT"]
[Termination "Game drawn by repetition"]

1. c4 e5 2. Nc3 Bb4 3. Qc2 Nf6 4. g3 Bxc3 5. Qxc3 Nc6 6. Bg2 d5 7. cxd5 Nxd5 8. Qc5 Be6 9. Nf3 f6 10. O-O Qd7 11.
d3 O-O-O 12. Bd2 Bh3 13. b4 Bxg2 14. Kxg2 Kb8 15. b5 Nce7 16. e4 Nb6 17. Rfc1 h5 18.
h4 Nbc8 19. Be3 b6 20. Qc2 Nd6 21. a4 Rc8 22. d4 Ng6 23. dxe5 Nxe5 24. Nxe5 fxe5 25.
f3 Rhf8 26. Qe2 Rf6 27. Rf1 Rcf8 28. Rad1 Qe6 29. a5 Qc4 30. Qb2 Qxb5 31. Qxb5 Nxb5 32. axb6 axb6 33. Rd5 c5 34. Rxe5 Nc7 35. Rxh5 Kb7 36.
f4 Rc6 37. Rh7 Rf7 38. f5 b5 39. h5 Re7 40. h6 Ne8 41. hxg7 Nf6 42. Rh6 Rxg7 43.
Rg6 Rxg6 44. fxg6 Ng4 45. Bc1 Rxg6 46. Rf5 Kc6 47. Kf3 Nh2+ 48. Kg2 Ng4 49. Kf3 Nh2+ 50.
Kg2 Ng4 1/2-1/2

[Event "Early-Titled-Tuesday-Blitz-May-07-2024"]
[Site "Chess.com"]
[Date "2024.05.07"]
[Round "6"]
[White "ClauSanLuis"]
[Black "andriipalchuk"]
[Result "0-1"]
[WhiteElo "2410"]
[BlackElo "2620"]
[TimeControl "180+1"]
[EndTime "9:11:47 PDT"]
[Termination "andriipalchuk won by resignation"]

1. d4 Nf6 2. Bg5 d5 3. e3 c5 4. Nd2 cxd4 5. exd4 Nc6 6. c3 Bf5 7.
Ne2 e6 8. Ng3 Bg6 9. Nf3 Bd6 10.
Bd3 Qc7 11. Bxf6 gxf6 12. Nh4 O-O-O 13. Nh5 f5 14. g3 Kb8 15. Qf3 e5 16. Bxf5 e4 17.
Qe2 Ne7 18. Bh3 f5 19. O-O-O f4 20. gxf4 Bxf4+ 21. Kb1 Bg5 22. Ng2 Rhf8 23. Ka1 Qd6 24. Ng3 Rf7 25. Ne3 Rdf8 26. Rdf1 a6 27. Rhg1 Ka7 28. Bg4 Bf4 29. h4 h6 30. h5 Bh7 31. Rg2 Rg7 32. Rfg1 Rg5 33. Bh3 Rfg8 34. Ngf1 Qf6 35. Ng4 Qf8 36. Nfe3 Rxh5 37. Nf6 Rxg2 38.
Bxg2 Qxf6 39. Qxh5 Bg5 40. Qe8 Qxf2 41. Rf1 Qxe3 42.
Qxe7 Bxe7 0-1

[Event "Early-Titled-Tuesday-Blitz-May-07-2024"]
[Site "Chess.com"]
[Date "2024.05.07"]
[Round "6"]
[White "Yerkinio"]
[Black "Zampronha1971"]
[Result "1-0"]
[WhiteElo "2663"]
[BlackElo "2456"]
[TimeControl "180+1"]
[EndTime "9:11:47 PDT"]
[Termination "Yerkinio won on time"]

1. e4 c5 2. Nf3 e6 3. d4 cxd4 4. Nxd4 Nc6 5. Nc3 Qc7 6. Be3 a6 7. Nxc6 bxc6 8. Qf3 Rb8 9. O-O-O Nf6 10. g4 h6 11. h4 Bb4 12. g5 Bxc3 13. bxc3 Ng8 14. Bc5 d5 15. Qg3 Qxg3 16. fxg3 hxg5 17. Bd6 Ra8 18. exd5 cxd5 19. c4 Ne7 20. cxd5 Nxd5 21. Bg2 Ra7 22. hxg5 Rxh1 23. Rxh1 Kd7 24. Be5 g6 25.
Kd2 Rb7 26. c4 Rb4 27. cxd5 exd5 28. Bxd5 Rb5 29. Bxf7 Rxe5 30. Bxg6 Rxg5 31. Bd3 Rxg3 32. Bf5+ Kc7 33. Rc1+ Kd6 34. Rxc8 Rg2+ 35. Kc3 Rxa2 36. Bd3 a5 37. Ra8 Kd7 38. Kb3 Ra3+ 39. Kxa3 Kc7 40. Rxa5 Kb6 41. Ka4 1-0

[Event "Early-Titled-Tuesday-Blitz-May-07-2024"]
[Site "Chess.com"]
[Date "2024.05.07"]
[Round "6"]
[White "klifus"]
[Black "Smiechu"]
[Result "0-1"]
[WhiteElo "2209"]
[BlackElo "2387"]
[TimeControl "180+1"]
[EndTime "9:11:47 PDT"]
[Termination "Smiechu won on time"]

1. e4 c5 2. Nf3 g6 3. d4 cxd4 4. Nxd4 Nc6 5. Be3 Bg7 6. Bc4 Nf6 7. Nc3 O-O 8. O-O Nxe4 9. Nxe4 d5 10. Nxc6 bxc6 11. Bd3 dxe4 12. Bxe4 Qc7 13. c3 Rb8 14. Rb1 Be6 15. Qa4 Bd5 16. Rfd1 Rfd8 17. f3 Bxe4 18.
Qxe4 Rxd1+ 19. Rxd1 Rxb2 20. a4 h5 21. Bd4 Bxd4+ 22.
Qxd4 Qb6 23. Qxb6 axb6 24. Rd7 e6 25. Rc7 c5 26. a5 bxa5 27. Rxc5 a4 28. Ra5 Ra2 29.
c4 h4 30. c5 a3 31. c6 Rc2 32. Rxa3 Rxc6 33. Ra4 g5 34. Rg4 f6 35. f4 Rc4 36.
g3 h3 37. Kf2 Kf7 38. Kf3 Rc3+ 39. Ke2 Rc2+ 40. Kf3 Rxh2 41. fxg5 f5 42. Rh4 e5 43.
g4 f4 44. Rh6 Ra2 45. Ke4 Re2+ 46. Kf5 Kg7 47. Rh4 h2 48. g6 f3 49. Rh7+ Kg8 0-1

[Event "Early-Titled-Tuesday-Blitz-May-07-2024"]
[Site "Chess.com"]
[Date "2024.05.07"]
[Round "6"]
[White "Yeritsyaan"]
[Black "jlf287"]
[Result "1-0"]
[WhiteElo "2715"]
[BlackElo "2535"]
[TimeControl "180+1"]
[EndTime "9:11:48 PDT"]
[Termination "Yeritsyaan won by resignation"]

1. g3 d5 2. Bg2 Nf6 3. Nf3 Bf5 4. O-O e6 5. d3 h6 6. Nbd2 Bh7 7. b3 Be7 8. Bb2 O-O 9. Re1 c5 10. e4 Nc6 11. e5 Nd7 12. Nf1 b5 13. h4 a5 14. N1h2 Qb6 15. Ng4 Rfc8 16. Bc1 Bf8 17. Bf4 Ne7 18. Qd2 Nf5 19. Bh3 c4 20. bxc4 bxc4 21.
Rab1 Qd8 22. d4 c3 23. Qe2 Rc4 24. Red1 Ra4 25. Ne3 Nxe3 26. Qxe3 Bxc2 27. Qxc3 Rc4 28. Qe3 Bxb1 29. Rxb1 Rb8 30. Rd1 Rb2 31. Rd2 Rcc2 32. Rxc2 Rxc2 33. Bf1 Qc7 34. Bd3 Rc3 35. g4 g6 36. h5 g5 37. Bxg5 hxg5 38. Qxg5+ Kh8 39. Be2 Rc2 40. Bd3 Rc3 41. Be2 Nb6 42. h6 Qe7 43.
Qf4 Nc4 44. Ng5 Kg8 45. Nxf7 Rc2 46. Bd3 Rd2 47. h7+ 1-0

[Event "Early-Titled-Tuesday-Blitz-May-07-2024"]
[Site "Chess.com"]
[Date "2024.05.07"]
[Round "6"]
[White "LeoLV10"]
[Black "BardArtem"]
[Result "1-0"]
[WhiteElo "2486"]
[BlackElo "2778"]
[TimeControl "180+1"]
[EndTime "9:11:48 PDT"]
[Termination "LeoLV10 won by checkmate"]

1. e4 c6 2. d4 d5 3. e5 Bf5 4. h4 h5 5. Bd3 Bxd3 6. Qxd3 Qa5+ 7. Nd2 e6 8. Nf3 Nh6 9. O-O Nf5 10. a4 Be7 11. Nb3 Qa6 12. Qd1 Nd7 13. g3 c5 14.
dxc5 Nxc5 15. Nbd4 Nxd4 16. Nxd4 Rc8 17. c3 Ne4 18. Kg2 Bc5 19. Be3 Bxd4 20. Bxd4 g6 21.
f3 Nc5 22. Rf2 Qc4 23. Ra3 Nd7 24. Rd2 O-O 25. a5 a6 26. Re2 Qc6 27. Ra4 Rfd8 28.
Bf2 Qc7 29. g4 hxg4 30. Rxg4 Qxa5 31. h5 Nf8 32. Be1 d4 33. cxd4 Qd5 34. Qd3 Qc4 35. Qe3 Qc1 36. Qe4 Rd7 37. Bb4 Qc6 38. Qf4 Nh7 39.
hxg6 fxg6 40. Rxg6+ Rg7 41. Rxg7+ Kxg7 42. Kf2 Qe8 43. Bc3 Rd8 44. Re1 Nf8 45. Rg1+ Ng6 46. Qf6+ Kh7 47. Rh1+ Kg8 48. Rh6 Ne7 49. Rh8# 1-0

[Event "Early-Titled-Tuesday-Blitz-May-07-2024"]
[Site "Chess.com"]
[Date "2024.05.07"]
[Round "6"]
[White "ansko1999"]
[Black "savitha1030"]
[Result "1-0"]
[WhiteElo "2647"]
[BlackElo "2485"]
[TimeControl "180+1"]
[EndTime "9:11:49 PDT"]
[Termination "ansko1999 won by resignation"]

1. c4 Nf6 2. Nf3 g6 3. d4 Bg7 4. Nc3 O-O 5. Bg5 h6 6. Bh4 c6 7. e3 d5 8. Qb3 dxc4 9. Bxc4 b5 10. Be2 a5 11. a4 b4 12. Nb1 Be6 13. Qc2 b3 14.
Qc1 Na6 15. Bxa6 Rxa6 16. O-O Bd5 17. Nbd2 Rb6 18. Bg3 Rb4 19. Be5 Qd7 20. Qc5 Ne4 21.
Nxe4 Bxe4 22. Bxg7 Bxf3 23. gxf3 Kxg7 24. Qxa5 Rfb8 25.
Qe5+ f6 26. Qc5 Kf8 27. Kg2 h5 28. Rfc1 R4b6 29. a5 Rb5 30. Qxc6 Rg5+ 31. Kf1 Qh3+ 32. Ke2 Qxh2 33. Qc7 Qxc7 34. Rxc7 Ra8 35. a6 Rb5 36.
Rb7 Rd5 37. a7 Rdd8 38. Rxb3 Kf7 39. Rb7 h4 40. b4 h3 41. b5 h2 42. b6 Rh8 43. Rh1 Ke6 44. Rc7 Kd6 45. Kf1 Rh5 46. b7 Rxa7 47. b8=Q Ra1+ 48. Rc1+ 1-0

[Event "Early-Titled-Tuesday-Blitz-May-07-2024"]
[Site "Chess.com"]
[Date "2024.05.07"]
[Round "6"]
[White "MaxLeto"]
[Black "Arhan_Anand"]
[Result "0-1"]
[WhiteElo "2424"]
[BlackElo "2612"]
[TimeControl "180+1"]
[EndTime "9:11:50 PDT"]
[Termination "Arhan_Anand won on time"]

1. e4 c5 2. Nf3 g6 3. d4 cxd4 4. Nxd4 Bg7 5. c4 Nc6 6. Be3 Nf6 7. Nc3 d6 8. Be2 O-O 9. Qd2 Nxd4 10. Bxd4 Qa5 11. f3 Be6 12. O-O Rfc8 13. b3 b5 14.
cxb5 Nxe4 15. fxe4 Bxd4+ 16. Qxd4 Qxc3 17. Qxc3 Rxc3 18. Rfc1 Rac8 19. Rxc3 Rxc3 20. Kf2 Kg7 21. a4 Rxb3 22. a5 Bc8 23. b6 axb6 24. a6 Rb4 25. Rc1 Bxa6 26.
Bxa6 Rxe4 27. Be2 Rb4 28. Rc7 Kf6 29. h3 h5 30. Bf3 Rb2+ 31. Be2 e6 32. Rb7 d5 33. Ke3 Rb3+ 34. Kf2 e5 35. Rc7 e4 36.
Rc6+ Ke5 37. Rc7 f5 38. h4 Kf4 39. Rg7 e3+ 40. Kg1 Rb2 41. Bf3 d4 42. Rd7 Kg3 43. Kf1 Rd2 44. Rg7 d3 45. Rxg6+ Kf4 46. Rxb6 Rf2+ 47. Ke1 d2+ 48. Kd1 Rf1+ 49. Kc2 Rc1+ 50. Kb2 d1=Q 51. Bxd1 Rxd1 52. Rg6 e2 0-1

[Event "Early-Titled-Tuesday-Blitz-May-07-2024"]
[Site "Chess.com"]
[Date "2024.05.07"]
[Round "6"]
[White "kidagent"]
[Black "MiguelBestard1981"]
[Result "1-0"]
[WhiteElo "2367"]
[BlackElo "2180"]
[TimeControl "180+1"]
[EndTime "9:11:50 PDT"]
[Termination "kidagent won on time"]

1. e4 e5 2. Nf3 Nf6 3. Nxe5 d6 4. Nf3 Nxe4 5. d4 d5 6. Bd3 Bd6 7. c4 Bb4+ 8. Nbd2 Nxd2 9. Bxd2 Qe7+ 10. Be2 dxc4 11. O-O Bxd2 12. Qxd2 O-O 13. Bxc4 c6 14.
Rfe1 Qf6 15. Re3 Nd7 16. Rae1 Nb6 17. Bb3 Bd7 18. Ne5 Be6 19. Bc2 g6 20. Rf3 Qg7 21. b3 Rae8 22. h3 f6 23. Nd3 Bd7 24. Rxe8 Rxe8 25. Nc5 Bc8 26. Qa5 Nd5 27. Qxa7 Nb4 28. Bd3 Nxd3 29. Nxd3 Qe7 30. Re3 Qd8 31. Qc5 Rxe3 32.
fxe3 Kf7 33. Kf2 Qd7 34. a4 Qf5+ 35. Qxf5 Bxf5 36. Nc5 b6 37. Na6 Bc2 38. Nb4 Bxb3 39. Nxc6 Bxa4 40. Nb4 Ke6 41. e4 Bb3 42. Ke3 Kd6 43.
Kd3 Be6 44. d5 Bd7 45. Kd4 Ba4 46. g4 g5 47. Nd3 Bd1 48. e5+ fxe5+ 49. Nxe5 b5 50.
Nf7+ Ke7 51. Nxg5 b4 52. Nxh7 b3 53. Kc3 Kd6 54. Nf6 Ke5 55. g5 Kf5 56. h4 Bc2 57. d6 Ke6 58. d7 1-0